 Dungeon Crawl Stone Soup version 0.27-a0-1046-g98bf31544f (webtiles) character file.

Game seed: 13026092279055099214

235 porpoise the Magician (level 6, -8/47 HPs)
             Began as a Djinni Venom Mage on Apr 20, 2021.
             Mangled by an ogre
             ... wielding a +0 giant club
              (24 damage)
             ... on level 4 of the Dungeon.
             The game lasted 00:12:20 (5969 turns).

porpoise the Magician (Djinni Venom Mage)           Turns: 5969, Time: 00:12:21

Health: -8/47      AC:  2    Str:  7    XL:     6   Next: 5%
Gold:   213        EV: 12    Int: 18    God:
                   SH:  0    Dex: 14

rFire    + + .     SeeInvis .   a - +0 short sword
rCold    x . .     Faith    .   (no shield)
rNeg     . . .     Spirit   .   c - +0 robe
rPois    ∞         Reflect  .   (helmet currently unavailable)
rElec    .         Harm     .   (no cloak)
rCorr    .         Rampage  .   (no gloves)
Will     +....                  (boots unavailable)
Stlth    ++........             (no amulet)
HPRegen  0.15/turn              f - ring of willpower
MPRegen  0.00/turn              (no ring)

@: appendages, flying, very slightly contaminated
A: horns 2, flying, fire resistance 2, cold vulnerability 1, float, innate
caster, hp casting, extra vitality 1
a: End Transformation


You were on level 4 of the Dungeon.
You had temporarily grown beastly horns.
You visited 1 branch of the dungeon, and saw 4 of its levels.

You collected 213 gold pieces.

Inventory:

Hand Weapons
 a - a +0 short sword (weapon)
 b - a +0 hunting sling
Missiles
 e - 63 stones
 h - 3 sling bullets
 i - 21 poisoned darts
 j - 6 atropa-tipped darts
Armour
 c - a +0 robe (worn)
 o - the +9 ring mail "Hoete" {-Cast Will+ MP+9 Dex+4}
   (You found it on level 3 of the Dungeon)

   It affects your dexterity (+4).
   It affects your magic capacity (+9).
   It prevents spellcasting.
   It increases your willpower.
Jewellery
 f - a ring of willpower (left hand)
Scrolls
 d - a scroll of fog
 g - 4 scrolls of vulnerability
 k - a scroll of noise {unknown}
 l - 3 scrolls of identify
 n - 2 scrolls of teleportation {unknown}
Potions
 m - a potion of haste {unknown}
 p - a potion of flight {unknown}


   Skills:
 + Level 3.9 Fighting
 - Level 2.1 Dodging
 - Level 1.5 Stealth
 + Level 4.3 Spellcasting


You couldn't memorise any spells.
You knew the following spells:

 Your Spells              Type           Power      Damage    Failure   Level
a - Sting                 Tmut/Pois      76%        1d6       2%          1
b - Beastly Appendage     Tmut           38%        N/A       2%          1
c - Ensorcelled Hibernat  Hex/Ice        38%        N/A       3%          2
i - Ignite Poison         Fire/Tmut/Pois 19%        N/A       7%          3
m - Mephitic Cloud        Conj/Pois/Air  19%        N/A       7%          3
o - Olgreb's Toxic Radia  Pois           19%        N/A       24%         4
v - Poisonous Vapours     Pois/Air       38%        N/A       3%          2
Your spell library was empty.

Dungeon Overview and Level Annotations

Branches:
Dungeon (4/15)             Temple (0/1) D:4

Altars:
Nemelex Xobeh


Innate Abilities, Weirdness & Mutations

You have temporarily grown beastly horns.
You are flying.
You are immune to poison.
Your flesh is very heat resistant. (rF++)
You are vulnerable to cold. (rC-)
You float through the air rather than walking.
You learn spells naturally, not from books.
Your magical power is your life essence.
You have superior vitality. (+4 HP)


Message History

You closely miss the phantom.
The phantom is heavily damaged.
The phantom closely misses you.
You hit the phantom.
The phantom is severely damaged.
The phantom closely misses you.
You barely miss the phantom.
The phantom is severely damaged.
The phantom hits you.
You hit the phantom but do no damage.
The phantom is severely damaged.
The phantom closely misses you.
Casting: Beastly Appendage (safe; 2% risk of failure)
Confirm with . or Enter, or press ? or * to list all spells.
Aiming: Sting (safe; 2% risk of failure)
Press: ? - help, Shift-Dir - straight line, f - ogre, p - phantom
Aim: an ogre, wielding a +0 giant club (88% to hit)
The sting hits the ogre.
The ogre is poisoned.
The ogre is lightly wounded.
The phantom hits you.
The phantom blinks!
You blink.
You hit the phantom.
The phantom is severely damaged.
The phantom hits you!
The phantom blinks!
You blink.
You barely miss the phantom.
The phantom is severely damaged.
The phantom barely misses you.
You hit the phantom.
The phantom is severely damaged.
The ogre looks more healthy.
The phantom hits you.
Casting: Sting (safe; 2% risk of failure)
Confirm with . or Enter, or press ? or * to list all spells.
Aiming: Sting (safe; 2% risk of failure)
Press: ? - help, Shift-Dir - straight line, f/p - ogre
Aim: an ogre, wielding a +0 giant club (moderately wounded, 88% to hit)
You miscast Sting.
You are very lightly contaminated with residual magic.
Nothing appears to happen.
The phantom misses you.
The ogre hits you with a +0 giant club!!
Ouch! That really hurt!
You die...

##############
#.......#..§.#
#.......#....#
##.......#....#
.........@W.....#
####......O.....#
#.......((...#
#####........#
###......# ######
##..#####
#.....## .(.#
.......#
....##########
........
...#.#........#


You could see a phantom and an ogre.

Vanquished Creatures
  2 jellies (D:4)
  4 gnolls (D:2)
  4 adders
  3 dart slugs
  2 orcs (D:4)
  7 ball pythons
  6 endoplasms
  2 giant cockroaches
  8 goblins
  10 hobgoblins
  13 jackals
  9 kobolds
  A quokka (D:1)
  8 bats
  2 frilled lizards (D:3)
  7 rats
88 creatures vanquished.

Vanquished Creatures (others)
  2 plants (D:1)
  3 withered plants (D:1)
5 creatures vanquished.

Grand Total: 93 creatures vanquished

Notes
Turn   | Place    | Note
-------+----------+-------------------------------------------
     0 | D:1      | porpoise the Djinni Venom Mage began the quest for the Orb.
     0 | D:1      | Reached XP level 1. HP: 15/15 MP: 0/0
    90 | D:1      | Found a faded altar of an unknown god.
   285 | D:1      | Reached skill level 1 in Fighting
   285 | D:1      | Reached XP level 2. HP: 16/22 MP: 0/0
   443 | D:1      | Reached skill level 3 in Spellcasting
  1013 | D:1      | Reached XP level 3. HP: 26/27 MP: 0/0
  1013 | D:1      | Learned a level 1 spell: Beastly Appendage
  2665 | D:2      | Reached XP level 4. HP: 30/34 MP: 0/0
  3097 | D:2      | Reached XP level 5. HP: 5/40 MP: 0/0
  3097 | D:2      | Learned a level 2 spell: Ensorcelled Hibernation
  3923 | D:3      | Identified the +9 ring mail "Hoete" {-Cast Will+ MP+9
                  | Dex+4}
  4369 | D:3      | Found a sparkling altar of Nemelex Xobeh.
  4495 | D:3      | Reached skill level 4 in Spellcasting
  4898 | D:4      | Noticed an ogre
  5099 | D:4      | HP: 1/40 [acid (9)]
  5488 | D:4      | Reached XP level 6. HP: 47/47 MP: 0/0
  5893 | D:4      | Found a staircase to the Ecumenical Temple.
  5969 | D:4      | Mangled by an ogre

Illustrated notes

Levels and vault maps discovered:
D:1:      pf_arrival_petrified_forest, layout_loops_cross,
          shapermc_ecumenical_altar_flowoftime
D:2:      layout_rooms
D:3:      mumra_celtic_spiral_tile, layout_loops_ring,
          nemelex_xobeh_ov_fountains_minmay, minmay_checkerbox
D:4:      layout_rooms, minmay_temple_entry_from_below_a, minivault_4

Skill      XL: |  1  2  3  4  5 |
---------------+----------------+-----
Fighting       | 1 2 3 |  3.9
Spellcasting   | 3 4 |  4.3
Dodging        | |  2.1
Stealth        | |  1.5

Action                   |  1- 3 |  4- 6 || total
-------------------------+-------+-------++-------
Melee: Dagger            |    31 |       ||    31
       Short sword       |    25 |    17 ||    42
       Headbutt          |       |     1 ||     1
 Fire: Hunting sling     |     8 |    69 ||    77
 Cast: Sting             |    71 |    69 ||   140
       Beastly Appendage |       |     1 ||     1
  Use: Scroll            |     2 |     1 ||     3
       Potion            |       |     1 ||     1
 Stab: Sleeping          |     2 |       ||     2
Armor: Robe              |    18 |    11 ||    29
Dodge: Dodged            |    60 |    45 ||   105

Table legend: (Time is in decaauts)
 A = Elapsed time spent in this place.
 B = Non-inter-level travel time spent in this place.
 C = Inter-level travel time spent in this place.
 D = Time resting spent in this place.
 E = Time spent auto-exploring this place.
 F = Levels seen in this place.
 G = Mean time per level.
                   A        B        C        D        E       F      G
               +--------+--------+--------+--------+--------+-----+--------+
         Total |   5985 |   5823 |    162 |   2675 |   2468 |   4 | 1496.2 |
       Dungeon |   5985 |   5823 |    162 |   2675 |   2468 |   4 | 1496.2 |
               +--------+--------+--------+--------+--------+-----+--------+

Top non-repeatable levels by time:
     D:1: 2344 daAuts
     D:3: 1384 daAuts
     D:2: 1326 daAuts
     D:4: 930 daAuts
